 Dungeon Crawl Stone Soup version 0.30-a0-121-gb27577e5d9 (webtiles) character file.

Game seed: 16007201259726302616

5398 IdlyInterested the Fighter (level 10, 0/76 HPs)
             Began as a Demonspawn Wanderer on Sept 14, 2022.
             Slain by a hell hog (3 damage)
             ... on level 1 of the Abyss.
             The game lasted 00:33:29 (10264 turns).

IdlyInterested the Fighter (Demonspawn Wanderer)   Turns: 10264, Time: 00:33:29

Health: 0/76       AC: 20    Str: 22      XL:     10   Next: 40%
Magic:  10/10      EV: 12    Int: 11 (12) God:
Gold:   574        SH:  6    Dex: 15      Spells: 9/9 levels left

rFire   + . .      SeeInvis +    e - +3 morningstar (drain)
rCold   + . .      Faith    .    c - +1 buckler
rNeg    . . .      Spirit   .    T - +4 ring mail
rPois   .          Reflect  .    (no helmet)
rElec   .          Harm     .    Q - scarf {rC+ rF+}
rCorr   .          Rampage  .    E - +0 pair of gloves
Will    .....                    x - +2 pair of boots
Stlth   +.........               G - amulet of the acrobat
HPRegen 0.22/turn                r - +6 ring of strength
MPRegen 0.12/turn                i - ring of see invisible

@: mighty, sanguine armoured
A: hooves 1, foul stench 3, powered by death 1, sanguine armour 1, deterioration
1, frail 1
a: no special abilities


You were on level 1 of the Abyss.
You visited 2 branches of the dungeon, and saw 10 of its levels.
You visited the Abyss 1 time.
You also visited: Sewer.

You collected 574 gold pieces.

Inventory:

Hand Weapons
 e - a +3 morningstar of draining (weapon)
 h - a +1 hand axe of venom
 p - a +1 flail of venom
 B - a +0 war axe
Missiles
 g - 4 boomerangs (quivered)
 y - 3 curare-tipped darts
 A - 2 throwing nets
 F - 25 poisoned darts
Armour
 c - a +1 buckler (worn)
 l - a +0 plate armour
 x - a +2 pair of boots (worn)
 E - a +0 pair of gloves (worn)
 N - a +0 troll leather armour
 Q - a scarf of resistance (worn)
 S - a +3 leather armour
 T - a +4 ring mail (worn)
 U - +0 steam dragon scales
Magical Staves
 k - a staff of conjuration
 L - a staff of earth
Jewellery
 i - a ring of see invisible (right hand)
 r - a +6 ring of strength (left hand)
 G - an amulet of the acrobat (around neck)
 I - a +6 ring of strength
Wands
 b - a wand of roots (23)
 K - a wand of mindburst (9)
 P - a wand of light (12)
Scrolls
 a - 5 scrolls of identify
 j - 4 scrolls of teleportation
 q - a scroll of blinking
 s - 2 scrolls of enchant armour
 v - a scroll of brand weapon
 J - a scroll of fog
 M - 3 scrolls of enchant weapon
 R - a scroll of magic mapping
 V - a scroll of fear {unknown}
Potions
 d - 6 potions of haste
 f - a potion of lignification
 n - 4 potions of curing
 o - 2 potions of heal wounds
 t - a potion of cancellation
 u - a potion of magic
 w - 3 potions of brilliance
 z - a potion of attraction
 C - a potion of resistance
 D - a potion of mutation
 H - a potion of ambrosia
 O - 2 potions of invisibility


   Skills:
 - Level 10.0 Fighting
 * Level 6.9 Maces & Flails
 - Level 1.0 Throwing
 - Level 6.0 Armour
 - Level 4.0 Dodging
 - Level 2.0 Stealth
 - Level 4.0 Shields
 + Level 5.2 Evocations


You had 9 spell levels left.
You didn't know any spells.
Your spell library contained the following spells:

 Spells                   Type           Power      Damage    Failure   Level
 Slow                     Hex            0%         N/A       56%         1
 Blink                    Tloc           0%         N/A       71%         2
 Cigotuvi's Dreadful Rot  Necr/Pois/Air  0%         N/A       71%         2
 Static Discharge         Conj/Air       0%         3-3/arc   71%         2
 Confusing Touch          Hex            0%         N/A       91%         3
 Lesser Beckoning         Tloc           0%         N/A       91%         3
 Vampiric Draining        Necr           0%         2d6       91%         3
 Dispel Undead            Necr           0%         3d6       100%        4
 Manifold Assault         Tloc           0%         N/A       100%        4
 Sticky Flame             Conj/Fire      0%         2d3       100%        4
 Death Channel            Necr           0%         N/A       100%        6


Dungeon Overview and Level Annotations

Branches:
Dungeon (9/15)             Temple (1/1) D:7           Sewer (visited)
   Lair: D:8-11         Orc: D:9-12

Altars:
Ashenzari
Cheibriados
Dithmenos
Fedhas
Gozag
Hepliaklqana
Kikubaaqudgha
Nemelex Xobeh
Okawaru
Qazlal
Ru
Sif Muna
Trog
Uskayaw
Xom
Yredelemnul

Shops:
D:6 (   D:9 [

Annotations:
D:9 Erolcha


Innate Abilities, Weirdness & Mutations

You have large cloven feet.
You frequently emit foul miasma when damaged in melee.
You regenerate a little health from kills.
When seriously injured, your blood forms armour. (AC +6)
Your body sometimes deteriorates upon taking damage.
You are frail. (-10% HP)


Message History

You block the quasit's attack.
The quasit claws you but does no damage.
You block the quasit's attack.
The quasit claws you but does no damage.
The quasit misses you.
You sock the quasit!
You kill the quasit!
Found a scale mail.
You now have 515 gold pieces (gained 10).
You now have 545 gold pieces (gained 30).
Found 29 gold pieces.
You see here a +0 scale mail.
You now have 574 gold pieces (gained 29).
A neqoxec comes into view.
Found 9 gold pieces.
The neqoxec shouts!
A hell hog comes into view.
A large abomination comes into view.
Found a pair of pitted gloves.
The hell hog squeals angrily.
A wretched star comes into view.
You feel very mighty all of a sudden. The large abomination hits you!
Your blood congeals into armour.
You emit a cloud of foul miasma!
You barely miss the large abomination. The large abomination hits you!!
The neqoxec gestures at you.
Strange energies course through your body.
You feel frail. The neqoxec attacks as you move away! The neqoxec hits you.
You block the hell hog's attack.
You barely miss the hell hog. The hell hog bites you!
* * * LOW HITPOINT WARNING * * *
You impale the hell hog!!
The hell hog is moderately wounded.
You block the hell hog's attack. The hell hog bites you!
* * * LOW HITPOINT WARNING * * *
You impale the hell hog!!
The hell hog is severely wounded.
The hell hog bites you.
You die...

.# ~. .# ### #
.## ###.. # ..
#.##.#### .#
#.##.##.##.##$#
#≈..≈..8@h3..~#
#[##.##.##X##.#
##.#### *#
#.†.# ≈[ #.##
### #+#


You could see a hell hog, a large abomination and a neqoxec.

Vanquished Creatures
  A troll (D:8)
  2 raiju (Abyss:1)
  A shadow (D:8)
  10 yaks
  A steam dragon (D:8)
  A neqoxec (Abyss:1)
  A water moccasin (D:7)
  A hornet zombie (D:7)
  An orc warrior (D:7)
  A black bear (D:4)
  A sky beast (D:8)
  2 ogres (D:6)
  A phantom (D:5)
  6 kobold brigands (Sewer)
  4 bullfrogs
  4 scorpions
  5 wights (D:7)
  An electric eel (D:6)
  4 howler monkeys
  A quasit (Abyss:1)
  3 centaur zombies (D:7)
  A jelly (D:8)
  6 orc priests
  4 hounds
  3 iguanas
  3 orc wizards
  2 killer bee zombies (D:7)
  2 howler monkey zombies (D:7)
  8 adders
  2 river rats (Sewer)
  2 shadow imps (D:6)
  5 white imps
  An ufetubus (D:6)
  3 worms
  7 dart slugs
  20 orcs
  10 endoplasms
  6 giant cockroaches
  3 hobgoblins
  5 jackals
  11 kobolds
  8 quokkas
  7 ball pythons
  4 bats
  A frilled lizard (D:1)
  5 goblins (D:3)
  13 rats
194 creatures vanquished.

Vanquished Creatures (others)
  5 withered plants (D:7)
5 creatures vanquished.

Grand Total: 199 creatures vanquished

Notes
Turn   | Place    | Note
-------+----------+-------------------------------------------
     0 | D:1      | IdlyInterested the Demonspawn Wanderer began the quest for
                  | the Orb.
     0 | D:1      | IdlyInterested set off with the following items: a +0 mace,
                  | a wand of roots (4), a +0 buckler, a potion of haste, a +0
                  | robe.
     0 | D:1      | Reached XP level 1. HP: 15/15 MP: 1/1
    53 | D:1      | Found a faded altar of an unknown god.
   795 | D:1      | Reached skill level 1 in Dodging
   795 | D:1      | Gained mutation: You may rarely emit foul miasma when
                  | damaged in melee. [demonic ancestry]
   795 | D:1      | Reached XP level 2. HP: 21/21 MP: 2/2
  1116 | D:2      | Identified the +6 short sword of Midwinter {vorpal, Dex+2}
  1345 | D:2      | Reached skill level 2 in Fighting
  2211 | D:2      | Gained mutation: When seriously injured, your blood forms
                  | armour. (AC +6) [demonic ancestry]
  2211 | D:2      | Reached XP level 3. HP: 19/27 MP: 3/3
  2549 | D:3      | Found a snail-covered altar of Cheibriados.
  2848 | D:3      | Gained mutation: You regenerate a little health from kills.
                  | [demonic ancestry]
  2848 | D:3      | Reached XP level 4. HP: 34/34 MP: 4/4
  3059 | D:3      | Reached skill level 1 in Armour
  3119 | D:3      | Reached skill level 3 in Fighting
  3307 | D:3      | Found a bloodstained altar of Trog.
  3490 | D:4      | Noticed a black bear
  3499 | D:4      | Killed a black bear
  3500 | D:4      | Reached skill level 4 in Fighting
  3500 | D:4      | Reached XP level 5. HP: 33/42 MP: 5/5
  3602 | D:4      | Reached skill level 1 in Stealth
  4023 | D:4      | Gained mutation: You sometimes emit foul miasma when
                  | damaged in melee. [demonic ancestry]
  4023 | D:4      | Reached XP level 6. HP: 45/49 MP: 6/6
  4364 | D:5      | Entered Level 5 of the Dungeon
  4448 | D:5      | Reached skill level 5 in Fighting
  4479 | D:5      | Reached skill level 1 in Throwing
  4502 | D:5      | Found a sacrificial altar of Ru.
  4555 | D:5      | Reached XP level 7. HP: 56/57 MP: 7/7
  4558 | D:5      | Found a blossoming altar of Fedhas.
  5077 | D:5      | Found a sparkling altar of Nemelex Xobeh.
  5367 | D:5      | Reached skill level 6 in Fighting
  5758 | D:6      | Found Awehyunu's Antique Weapon Emporium.
  5769 | D:6      | Reached skill level 7 in Fighting
  5815 | D:6      | Found a glowing drain.
  5829 | Sewer    | Entered a sewer
  6000 | Sewer    | Gained mutation: You frequently emit foul miasma when
                  | damaged in melee. [demonic ancestry]
  6000 | Sewer    | Reached XP level 8. HP: 67/67 MP: 8/8
  6378 | Sewer    | Reached skill level 8 in Fighting
  7714 | D:7      | Found a staircase to the Ecumenical Temple.
  7790 | D:7      | Reached skill level 9 in Fighting
  7791 | Temple   | Entered the Ecumenical Temple
  8107 | D:7      | Gained mutation: You have large cloven feet. [demonic
                  | ancestry]
  8107 | D:7      | Reached XP level 9. HP: 57/76 MP: 9/9
  8267 | D:7      | Found a basalt altar of Yredelemnul.
  8605 | D:7      | Reached skill level 10 in Fighting
  9258 | D:8      | Reached skill level 5 in Armour
  9298 | D:8      | Reached skill level 5 in Maces & Flails
  9312 | D:8      | Reached XP level 10. HP: 30/85 MP: 10/10
 10196 | D:9      | Found Tepin's Armour Shop.
 10203 | D:9      | Noticed Erolcha
 10204 | Abyss:1  | Cast into level 1 of the Abyss (Erolcha)
 10218 | Abyss:1  | Gained mutation: Your body sometimes deteriorates upon
                  | taking damage. [a neqoxec]
 10257 | Abyss:1  | Noticed a hell hog
 10258 | Abyss:1  | Noticed a large abomination
 10258 | Abyss:1  | Noticed a wretched star
 10260 | Abyss:1  | Gained mutation: You are frail. (-10% HP) [a neqoxec]
 10263 | Abyss:1  | HP: 3/76 [hell hog (11)]
 10264 | Abyss:1  | Slain by a hell hog

Illustrated notes

Levels and vault maps discovered:
D:1:      spicycebolla_arrival_xxxplode, layout_loops_corners,
          hellmonk_ecumenical_altar_slurped_away, minivault_24,
          minmay_misc_feat_tower
D:2:      layout_basic, minmay_joined_circles
D:3:      layout_loops_ring, elyvilon_altar_5, trog_hazing_becter,
          mainiacjoe_overflow_paths
D:4:      layout_cave_pools
D:5:      layout_layer_cave, nicolae_ru_awakened_eye,
          mainiacjoe_overflow_alcove_4, nemelex_xobeh_ov_fountains_minmay,
          hangedman_decor_peaks_small, minivault_5
D:6:      layout_basic, gup_sewer_entry_pipe, nicolae_inconvenience_store,
          grunt_ministairs_13
D:7:      layout_loops_ring, mainiacjoe_overflow_surrounded_room, temple_pool_b,
          serial_undead, serial_undead_b, serial_undead_a, serial_undead_c,
          serial_undead_b, serial_undead_e
D:8:      layout_rooms
D:9:      minmay_the_grid_4x2 [minmay_the_grid_gridbox,
          minmay_the_grid_small_cups, minmay_the_grid_embedded,
          minmay_the_grid_spikes, minmay_the_grid_eight,
          minmay_the_grid_pillar_ring, minmay_the_grid_minigrid_medium,
          minmay_the_grid_prize_four_corners], layout_loops_cross,
          nzn_wu_jian_council_hall, mainiacjoe_overflow_24_doors,
          dpeg_oklobed_lair, serial_shops, shop, minmay_alternating_orb,
          uniq_erolcha, uniq_joseph, uniq_grum
Temple:   hellmonk_temple_flake
Abyss:1:  base: Temple, hangedman_cross_veins

Skill      XL: |  1  2  3  4  5  6  7  8  9 10 |
---------------+-------------------------------+-----
Dodging        | 1 2 4 |  4.0
Fighting       | 2 4 5 7 9 10 | 10.0
Armour         | 2 3 4 5 6 |  6.0
Stealth        | 1 2 |  2.0
Shields        | 2 4 |  4.0
Throwing       | 1 |  1.0
Maces & Flails | 5 6 |  6.9
Evocations     | |  5.2

Action                   |  1- 3 |  4- 6 |  7- 9 | 10-12 || total
-------------------------+-------+-------+-------+-------++-------
Melee: Hand axe          |    14 |       |       |       ||    14
       Mace              |     2 |       |       |       ||     2
       Short sword       |    63 |   129 |   270 |       ||   462
       Morningstar       |       |       |   131 |    71 ||   202
Throw: Boomerang         |       |       |    14 |     2 ||    16
  Use: Scroll            |    10 |     3 |     6 |     3 ||    22
       Potion            |     2 |     1 |     3 |     1 ||     7
 Stab: Sleeping          |     1 |       |       |       ||     1
Armor: Leather armour    |     5 |       |     5 |       ||    10
       Scale mail        |    34 |    40 |    55 |       ||   129
       Ring mail         |       |       |    73 |    34 ||   107
       Chain mail        |       |       |     4 |       ||     4
Dodge: Dodged            |    33 |    66 |   201 |    45 ||   345
Block: Buckler           |    19 |    30 |   104 |    26 ||   179

Table legend: (Time is in decaauts)
 A = Elapsed time spent in this place.
 B = Non-inter-level travel time spent in this place.
 C = Inter-level travel time spent in this place.
 D = Time resting spent in this place.
 E = Time spent auto-exploring this place.
 F = Levels seen in this place.
 G = Mean time per level.
                   A        B        C        D        E       F      G
               +--------+--------+--------+--------+--------+-----+--------+
         Total |  10519 |   9543 |    976 |    893 |   6114 |  12 |  876.6 |
       Dungeon |   9396 |   8420 |    976 |    893 |   5378 |   9 | 1044.0 |
        Temple |    197 |    197 |      0 |      0 |    175 |   1 |  197.0 |
         Abyss |     64 |     64 |      0 |      0 |      0 |   1 |   64.0 |
         Sewer |    860 |    860 |      0 |      0 |    561 |   1 |  860.0 |
               +--------+--------+--------+--------+--------+-----+--------+

Top non-repeatable levels by time:
     D:7: 1700 daAuts
     D:2: 1513 daAuts
     D:6: 1381 daAuts
     D:5: 1362 daAuts
     D:1: 1151 daAuts
     D:3: 987 daAuts
   Sewer: 860 daAuts
     D:4: 743 daAuts
     D:8: 547 daAuts
  Temple: 197 daAuts
 Abyss:1: 64 daAuts
     D:9: 7 daAuts
